 Dungeon Crawl Stone Soup version 0.30-a0-709-gcdc1b43e22 (webtiles) character file.

Game seed: 17883109837772504947

2531 Citaku the Protected (level 9, -5/79 HPs)
             Began as a Minotaur Fighter on Jan 22, 2023.
             Was an Initiate of Gozag.
             Slain by a gnoll sergeant
             ... wielding a +3 spear of flaming
              (9 damage)
             ... on level 7 of the Dungeon.
             The game lasted 00:07:44 (6257 turns).

Citaku the Protected (Minotaur Fighter)             Turns: 6257, Time: 00:07:45

Health: -5/79      AC: 11    Str: 24    XL:     9   Next: 29%
Magic:  8/8        EV:  9    Int:  4    God:    Gozag
Gold:   541        SH:  6    Dex: 14    Spells: 8/8 levels left

rFire   . . .      SeeInvis +    a - +0 war axe
rCold   . . .      Faith    .    c - +0 buckler
rNeg    . . .      Spirit   .    b - +0 scale mail
rPois   .          Reflect  .    (helmet restricted)
rElec   .          Harm     .    y - +0 cloak
rCorr   .          Rampage  .    (no gloves)
Will    .....                    t - +0 pair of boots Stlth
                                 (no amulet)
HPRegen 0.33/turn                m - ring of see invisible
MPRegen 0.11/turn                (no ring)

@: gold aura
A: horns 2, retaliatory headbutt, agile 1, no potion heal 1
a: Renounce Religion, Potion Petition, Call Merchant, Bribe Branch


You were on level 7 of the Dungeon.
You worshipped Gozag.
Gozag was pleased with you.
You visited 2 branches of the dungeon, and saw 8 of its levels.

You collected 582 gold pieces.
You paid 41 gold pieces to Gozag.

Inventory:

Hand Weapons
 a - a +0 war axe (weapon)
Armour
 b - a +0 scale mail (worn)
 c - a +0 buckler (worn)
 t - a +0 pair of boots (worn)
 y - a +0 cloak (worn)
Jewellery
 m - a ring of see invisible (left hand)
Scrolls
 e - 3 scrolls of immolation {unknown}
 f - 2 scrolls of enchant armour {unknown}
 g - 3 scrolls of enchant weapon {unknown}
 h - 2 scrolls of noise {unknown}
 i - a scroll of magic mapping {unknown}
 j - 2 scrolls of fog {unknown}
 k - 8 scrolls of identify {unknown}
 q - a scroll of amnesia {unknown}
 s - 3 scrolls of vulnerability {unknown}
 u - 2 scrolls of poison {unknown}
 v - 2 scrolls of acquirement {unknown}
 x - 2 scrolls of blinking
Potions
 d - a potion of brilliance {unknown}
 l - a potion of magic {unknown}
 n - 2 potions of attraction {unknown}
 o - 2 potions of curing {unknown}
 p - a potion of heal wounds {unknown}
 r - 2 potions of might
 w - a potion of lignification {unknown}
 A - a potion of degeneration {unknown}


   Skills:
 + Level 7.2 Fighting
 * Level 9.1 Axes
 * Level 9.4 Armour
 + Level 7.1 Shields


You had 8 spell levels left.
You didn't know any spells.
Your spell library contained the following spells:

 Spells                   Type           Power      Damage    Failure   Level
 Apportation              Tloc           0%         N/A       83%         1
 Ensorcelled Hibernation  Hex/Ice        0%         N/A       93%         2
 Static Discharge         Conj/Air       0%         2-2/arc   93%         2
 Summon Guardian Golem    Hex/Summ       0%         N/A       99%         3
 Vhi's Electric Charge    Tloc/Air       0%         N/A       99%         3
 Alistair's Intoxication  Tmut/Pois      0%         N/A       100%        5
 Arcjolt                  Conj/Air       0%         1d10      100%        5
 Fireball                 Conj/Fire      0%         3d3       100%        5
 Iskenderun's Battlesphe  Conj           0%         2d6       100%        5
 Lightning Bolt           Conj/Air       0%         1d11      100%        5
 Conjure Ball Lightning   Conj/Air       0%         3x3d6     100%        6
 Orb of Destruction       Conj           0%         9d5       100%        7


Dungeon Overview and Level Annotations

Branches:
Dungeon (7/15)             Temple (1/1) D:6

Altars:
Ashenzari
Gozag
Hepliaklqana
Kikubaaqudgha
Nemelex Xobeh
Ru
Sif Muna
Trog
Xom
Yredelemnul
Zin

Shops:
D:3 (   D:6 =


Innate Abilities, Weirdness & Mutations

You have a pair of horns on your head.
You reflexively headbutt those who attack you in melee.
You are agile. (Dex +4, Str/Int -1)
Potions are less effective at restoring your health.


Message History

The gnoll hits you from afar with a +0 halberd!
The gnoll sergeant hits you from afar with a +3 spear of flaming!
The gnoll sergeant burns you.
The gnoll hits you from afar with a +0 spear.
* * * LOW HITPOINT WARNING * * *
You are too injured to fight recklessly!
You are too injured to fight recklessly!
You are too injured to fight recklessly!
You are too injured to fight recklessly!
You are too injured to fight recklessly!
You are too injured to fight recklessly!
You are too injured to fight recklessly!
You are too injured to fight recklessly!
You are too injured to fight recklessly!
You are too injured to fight recklessly!
You are too injured to fight recklessly!
You are too injured to fight recklessly!
You are too injured to fight recklessly!
You are too injured to fight recklessly!
You are too injured to fight recklessly!
It was a potion of mutation.
You feel extremely strange.
Your system partially rejects the healing effects of potions.
You feel agile. The ogre closely misses you. You furiously retaliate!
You headbutt the ogre. You block the gnoll's attack.
The gnoll sergeant hits you but does no damage.
The gnoll hits you but does no damage.
You slash the ogre! Your headbutt misses the ogre.
The ogre is almost dead.
The gnoll hits you from afar with a +0 spear.
* * * LOW HITPOINT WARNING * * *
The ogre hits you with a +0 giant spiked club!
* * * LOW HITPOINT WARNING * * *
You block the gnoll's attack. You block the gnoll sergeant's attack.
You hit the ogre.
You kill the ogre!
The gnoll closely misses you.
The gnoll sergeant hits you from afar with a +3 spear of flaming!
You die...
Your body crumbles into a pile of gold.

#......#...#...........
#......#...#.......#.#.
#......#...#...........
........#...#.......#.#.
..#######.[.............
.. #...........#.#.
#...............
#...........#.#.
#...####@....... #...#
#$$....## ###+#


ggg...... .......... ........... ............ ............. .............. You
could see a gnoll sergeant and 2 gnolls.

Vanquished Creatures
  Pikel (D:5)
  Sigmund (D:2)
  A water moccasin (D:7)
  Duvessa (D:6)
  An ice beast (D:5)
  A sky beast (D:6)
  3 black bears
  4 ogres
  A centaur (D:6)
  A phantom (D:5)
  2 lemures (D:5)
  A bullfrog (D:6)
  2 necrophages
  3 scorpions (D:4)
  Dowan (D:6)
  A howler monkey (D:5)
  A jelly (D:5)
  A gnoll bouda (D:6)
  3 orc wizards
  6 gnolls
  7 adders
  A shadow imp (D:6)
  2 white imps
  An ufetubus (D:5)
  3 worms
  4 dart slugs
  13 orcs
  12 ball pythons
  9 endoplasms
  2 giant cockroaches
  8 goblins
  10 hobgoblins
  4 quokkas
  2 bats
  6 frilled lizards
  11 kobolds
  7 rats
138 creatures vanquished.

Vanquished Creatures (others)
  2 plants (D:4)
2 creatures vanquished.

Grand Total: 140 creatures vanquished

Notes
Turn   | Place    | Note
-------+----------+-------------------------------------------
     0 | D:1      | Citaku the Minotaur Fighter began the quest for the Orb.
     0 | D:1      | Reached XP level 1. HP: 19/19 MP: 0/0
   266 | D:1      | Reached XP level 2. HP: 26/27 MP: 1/1
   575 | D:1      | Reached XP level 3. HP: 33/33 MP: 2/2
  1200 | D:2      | Found a basalt altar of Yredelemnul.
  1565 | D:2      | Noticed Sigmund
  1570 | D:2      | Killed Sigmund
  1571 | D:2      | Reached skill level 5 in Armour
  1571 | D:2      | Reached XP level 4. HP: 12/41 MP: 3/3
  1571 | D:2      | Reached XP level 5. HP: 14/47 MP: 4/4
  1955 | D:3      | Reached skill level 5 in Axes
  1955 | D:3      | Reached XP level 6. HP: 35/53 MP: 5/5
  2195 | D:3      | Found Yleujest's Weapon Boutique.
  2874 | D:4      | Reached skill level 5 in Fighting
  2874 | D:4      | Reached skill level 5 in Shields
  3062 | D:4      | Reached XP level 7. HP: 47/61 MP: 6/6
  3384 | D:4      | Found a sacrificial altar of Ru.
  3711 | D:4      | Found an opulent altar of Gozag.
  3723 | D:4      | Became a worshipper of Gozag Ym Sagoz the Greedy
  4140 | D:5      | Entered Level 5 of the Dungeon
  4416 | D:5      | Reached XP level 8. HP: 64/70 MP: 7/7
  4696 | D:5      | Noticed Pikel
  4710 | D:5      | Killed Pikel
  5355 | D:6      | Found a staircase to the Ecumenical Temple.
  5367 | Temple   | Entered the Ecumenical Temple
  5367 | Temple   | Found a transporter.
  5367 | Temple   | Found a transporter.
  5378 | Temple   | Found a transporter.
  5378 | Temple   | Found a transporter.
  5469 | D:6      | Reached XP level 9. HP: 73/78 MP: 8/8
  5491 | D:6      | Noticed Dowan
  5491 | D:6      | Noticed Duvessa
  5504 | D:6      | Killed Dowan
  5510 | D:6      | Killed Duvessa
  5788 | D:6      | Found a sparkling altar of Nemelex Xobeh.
  5929 | D:6      | Found Zetzos's Jewellery Shoppe.
  6219 | D:7      | Got the Reference Book on Imprecation and Adjuration
  6255 | D:7      | Gained mutation: Potions are less effective at restoring
                  | your health. [potion of mutation]
  6255 | D:7      | Gained mutation: You are agile. (Dex +4, Str/Int -1)
                  | [potion of mutation]
  6257 | D:7      | Slain by a gnoll sergeant

Illustrated notes

Levels and vault maps discovered:
D:1:      giann_wishing_wells, layout_basic, dk_noncrumbling_2,
          minmay_pentomino_p4
D:2:      layout_basic, basic_altar, st_stairs_10, kennysheep_generic_room_13,
          uniq_sigmund
D:3:      layout_basic, serial_shops, nicolae_lakefront_shop,
          minmay_fountain_box, minmay_cupped
D:4:      layout_layer_cave, nicolae_ru_great_annihilating_truth,
          mainiacjoe_overflow_chevrons, serial_bayou_pond_e, minivault_23,
          serial_bayou_pond_b
D:5:      layout_loops_cross, uniq_pikel
D:6:      nicolae_cairo_tiling_very_big, layout_basic,
          mainiacjoe_overflow_small_starburst, temple_green, serial_shops,
          nicolae_take_the_stairs, uniq_duvessa
D:7:      layout_basic, glass_columns_c
Temple:   hellmonk_temple_divided_pantheon

Skill      XL: |  1  2  3  4  5  6  7  8  9 |
---------------+----------------------------+-----
Axes           | 3 4 5 6 8 9 |  9.1
Armour         | 4 5 6 7 8 9 |  9.4
Fighting       | 4 5 6 7 |  7.2
Shields        | 4 5 6 7 |  7.1

Action                     |  1- 3 |  4- 6 |  7- 9 || total
---------------------------+-------+-------+-------++-------
  Melee: War axe           |    94 |    80 |   191 ||   365
         Headbutt          |     9 |    12 |    31 ||    52
    Use: Potion            |     1 |       |     1 ||     2
         Scroll            |       |     1 |       ||     1
   Stab: Paralysed         |       |       |     1 ||     1
 Armour: Scale mail        |    38 |    37 |   121 ||   196
  Dodge: Dodged            |    50 |    27 |    89 ||   166
  Block: Buckler           |    20 |    17 |    50 ||    87

Table legend: (Time is in decaauts)
 A = Elapsed time spent in this place.
 B = Non-inter-level travel time spent in this place.
 C = Inter-level travel time spent in this place.
 D = Time resting spent in this place.
 E = Time spent auto-exploring this place.
 F = Levels seen in this place.
 G = Mean time per level.
                   A        B        C        D        E       F      G
               +--------+--------+--------+--------+--------+-----+--------+
         Total |   6353 |   6188 |    165 |      0 |   5249 |   8 |  794.1 |
       Dungeon |   6303 |   6151 |    152 |      0 |   5234 |   7 |  900.4 |
        Temple |     49 |     36 |     13 |      0 |     15 |   1 |   49.0 |
               +--------+--------+--------+--------+--------+-----+--------+

Top non-repeatable levels by time:
     D:4: 1345 daAuts
     D:5: 1085 daAuts
     D:1: 1020 daAuts
     D:3: 993 daAuts
     D:6: 919 daAuts
     D:2: 857 daAuts
     D:7: 82 daAuts
  Temple: 49 daAuts
